 Dungeon Crawl Stone Soup version 0.29-a0-350-g7790a0e70a (webtiles) character file.

Game seed: 8896904579683328084

2962 kevlar127 the Grappler (level 9, -6/138 HPs)
             Began as a Troll Berserker on Apr 22, 2022.
             Was a Priest of Trog.
             Mangled by a hornet (14 damage)
             ... on level 5 of the Dungeon on Apr 23, 2022.
             The game lasted 00:31:16 (5809 turns).

kevlar127 the Grappler (Troll Berserker)            Turns: 5809, Time: 00:31:18

Health: -6/138     AC:  7    Str: 31    XL:     9   Next: 52%
Magic:  8/8        EV: 10    Int:  3    God:    Trog [***...]
Gold:   388        SH:  0    Dex:  9    Spells: 8/8 levels left

rFire   . . .      SeeInvis .     - Unarmed
rCold   . . .      Faith    .   (no shield)
rNeg    . . .      Spirit   .   a - +0 animal skin
rPois   .          Reflect  .   (helmet restricted)
rElec   .          Harm     .   m - +2 cloak
rCorr   .          Rampage  .   (gloves unavailable)
Will    ++...                   (boots unavailable)
Stlth   ..........              h - amulet of the acrobat
HPRegen 2.13/turn               (no ring)
MPRegen 0.11/turn               (no ring)

@: mighty, berserking, lethally poisoned (-6 -> -7), strong-willed (expiring),
regenerating (expiring), very quick
A: large, unfitting armour, claws 3, regeneration 1, shaggy fur 1, tough skin 1
a: Renounce Religion, Berserk, Trog's Hand


You were on level 5 of the Dungeon.
You worshipped Trog.
Trog was most pleased with you.
You visited 1 branch of the dungeon, and saw 6 of its levels.

You collected 388 gold pieces.

Inventory:

Hand Weapons
 A - a +0 giant spiked club of flaming
Missiles
 d - 78 stones
 q - a throwing net
 r - 4 large rocks
 u - a boomerang (quivered)
 v - 2 poisoned darts
Armour
 a - a +0 animal skin (worn)
 m - a +2 cloak (worn)
 D - a +0 kite shield
Jewellery
 h - an amulet of the acrobat (around neck)
 n - an amulet of guardian spirit
 y - an amulet of faith
Wands
 k - a wand of flame (8)
 w - a wand of iceblast (3)
 B - a wand of digging (12)
 C - a wand of charming (8)
Scrolls
 b - a scroll of teleportation
 i - 2 scrolls of silence
 t - a scroll of fear
 E - a scroll of amnesia
 F - a scroll of fog
Potions
 c - 2 potions of might
 e - a potion of heal wounds {unknown}
 f - a potion of berserk rage {unknown}
 j - 6 potions of curing {unknown}
 l - a potion of mutation {unknown}
 o - a potion of flight {unknown}
 p - 2 potions of degeneration {unknown}
 x - 2 potions of attraction {unknown}
 z - a potion of ambrosia
 G - a potion of cancellation {unknown}


   Skills:
 + Level 6.8 Fighting
 + Level 6.6 Throwing
 - Level 3.0 Dodging
 + Level 8.3 Unarmed Combat


You had 8 spell levels left.
You didn't know any spells.
Your spell library was empty.

Dungeon Overview and Level Annotations

Branches:
Dungeon (6/15)
 Temple: D:4-7

Altars:
Ashenzari
Qazlal
Vehumet

Shops:
D:1 [   D:4 [   D:6 [

Annotations:
D:5 1 transporter, greenreed's ghost, amateur MiFi


Innate Abilities, Weirdness & Mutations

You are too large for most types of armour.
You have claws for hands.
Your natural rate of healing is unusually fast.
You are covered in fur. (AC +1)
You have tough skin. (AC +1)


Message History

The killer bee completely misses you. The killer bee stings you.
* * * LOW HITPOINT WARNING * * *
You are more poisoned.
The killer bee poisons you! The killer bee closely misses you.
The killer bee barely misses you.
A red film seems to cover your vision as you go berserk!
You feel yourself moving faster!
You feel mighty!
You feel the effects of Trog's Hand fading.
You feel very sick.
The killer bee stings you but does no damage.
The killer bee closely misses you.
The killer bee stings you but does no damage.
The killer bee barely misses you. The killer bee stings you.
* * * LOW HITPOINT WARNING * * *
The killer bee stings you but does no damage.
You closely miss the killer bee.
You feel sick. The killer bee stings you.
* * * LOW HITPOINT WARNING * * *
The killer bee barely misses you. The killer bee stings you.
* * * LOW HITPOINT WARNING * * *
You eviscerate the killer bee!!!
You kill the killer bee!
Trog accepts your kill.
You feel sick. The killer bee closely misses you. The killer bee stings you.
* * * LOW HITPOINT WARNING * * *
You mangle the killer bee!!
You kill the killer bee!
Trog accepts your kill.
You feel sick.
The killer bee stings you but does no damage.
You closely miss greenreed's ghost.
You feel sick. The killer bee stings you.
* * * LOW HITPOINT WARNING * * *
The hornet stings you but does no damage.
Greenreed's ghost hits you!
* * * LOW HITPOINT WARNING * * *
The killer bee stings you.
* * * LOW HITPOINT WARNING * * *
You scratch the hornet.
The hornet is lightly wounded.
You feel sick. The hornet stings you!
You die...

# ##...###.# #.###..###...##.....
##..##...#...##......####..)..
#..####.###.##.##..## ##..)..
##..##y..#...##.##...###......
#...#$#y#.#.#.#.###..)........
###...#y.# ..#..#.###.....#.....
##....©#y.# #.#.y#©.##....###....
.....#.#y.#.!.#yW#..###..## #....
.....#.#.#.#.#.#@#...##.## ##....
.......##...#..y##.......###..###
##.....####.#.####...........##
##....##..y#...##...####...##
###..#.###.###.###..## ##..##
#...##..#########..## #...##
...####..###.###..## #....# ...#
##..........# ##....##
...####..###......#####......###


You could see a hornet, 2 killer bees and greenreed's ghost.

Vanquished Creatures
  Pikel (D:4)
  Grinder (D:3)
  Sigmund (D:3)
  2 water moccasins (D:6)
  A sky beast (D:4)
  A black bear (D:4)
  2 ogres (D:5)
  2 centaurs (D:5)
  A phantom (D:6)
  2 lemures (D:4)
  A bullfrog (D:4)
  A necrophage (D:4)
  3 scorpions
  4 wights (D:6)
  7 killer bees
  A jelly (D:6)
  2 hounds (D:4)
  Crazy Yiuf (D:6)
  An iguana (D:6)
  Ijyb (D:5)
  Natasha (thrice) (D:2)
  4 orc wizards
  Robin (D:3)
  A gnoll (D:1)
  7 adders
  2 white imps (D:6)
  3 worms
  5 dart slugs
  14 orcs
  3 bats
  10 endoplasms
  3 giant cockroaches
  13 goblins
  9 hobgoblins
  A quokka (D:4)
  3 ball pythons
  3 frilled lizards (D:1)
  5 kobolds
  6 rats
132 creatures vanquished.

Notes
Turn   | Place    | Note
-------+----------+-------------------------------------------
     0 | D:1      | kevlar127 the Troll Berserker began the quest for the Orb.
     0 | D:1      | Reached XP level 1. HP: 22/22 MP: 0/0
    38 | D:1      | Found Cexketu Rety's Armour Shop.
   150 | D:1      | Reached XP level 2. HP: 28/29 MP: 1/1
   164 | D:1      | Found a faded altar of an unknown god.
   219 | D:1      | Reached XP level 3. HP: 28/36 MP: 2/2
   595 | D:2      | Noticed Natasha
   604 | D:2      | Killed Natasha
   604 | D:2      | Reached ** piety under Trog
   677 | D:2      | Noticed Natasha
   682 | D:2      | Killed Natasha
   683 | D:2      | Reached skill level 1 in Throwing
   683 | D:2      | Reached XP level 4. HP: 38/45 MP: 3/3
  1056 | D:2      | Noticed Natasha
  1060 | D:2      | Killed Natasha
  1061 | D:2      | Reached skill level 4 in Unarmed Combat
  1184 | D:3      | Noticed Sigmund
  1210 | D:3      | Reached XP level 5. HP: 22/53 MP: 4/4
  1344 | D:3      | Killed Sigmund
  1345 | D:3      | Reached XP level 6. HP: 52/62 MP: 5/5
  1390 | D:3      | Noticed Grinder
  1400 | D:3      | Killed Grinder
  1401 | D:3      | Reached skill level 5 in Unarmed Combat
  1467 | D:3      | Noticed Robin
  1481 | D:3      | Killed Robin
  1482 | D:3      | Reached XP level 7. HP: 42/70 MP: 6/6
  2411 | D:4      | Reached *** piety under Trog
  2683 | D:4      | Reached skill level 6 in Unarmed Combat
  2721 | D:4      | Reached skill level 5 in Fighting
  2744 | D:4      | Found Boyt's Antique Armour Emporium.
  2770 | D:4      | Reached XP level 8. HP: 80/80 MP: 7/7
  2968 | D:4      | Found a stormy altar of Qazlal.
  2968 | D:4      | Noticed Pikel
  2975 | D:4      | Killed Pikel
  2976 | D:4      | Reached skill level 5 in Throwing
  3176 | D:5      | Entered Level 5 of the Dungeon
  3202 | D:5      | Noticed greenreed's ghost (amateur MiFi)
  3210 | D:5      | Found a transporter.
  3214 | D:5      | Found a transporter.
  3214 | D:5      | Noticed a hornet
  3264 | D:5      | Reached skill level 7 in Unarmed Combat
  3580 | D:5      | Noticed Ijyb
  3595 | D:5      | Killed Ijyb
  3993 | D:5      | Reached XP level 9. HP: 62/89 MP: 8/8
  4117 | D:5      | Found a radiant altar of Vehumet.
  4621 | D:6      | Found a broken altar of Ashenzari.
  4788 | D:6      | Found Myzxoix's Antique Armour Emporium.
  5030 | D:6      | Found a runed translucent door.
  5031 | D:6      | Noticed Crazy Yiuf
  5332 | D:6      | Reached skill level 8 in Unarmed Combat
  5681 | D:6      | Killed Crazy Yiuf
  5809 | D:5      | Mangled by a hornet

Illustrated notes

Levels and vault maps discovered:
D:1:      moated_graveyard_arrival, layout_rooms, serial_shops,
          nicolae_shop_competitors_out_of_business,
          dreamdust_ecumenical_altar_grove, hangedman_abyss_or_decor_stabs
D:2:      layout_basic, uniq_natasha
D:3:      layout_basic, portal_sewer_entry_c, grunt_ministairs_10, uniq_robin,
          uniq_sigmund, uniq_grinder
D:4:      layout_basic, grunt_qazlal_clouds, serial_shops,
          nicolae_inconvenience_store, uniq_pikel
D:5:      layout_layer_cave, mainiacjoe_overflow_surrounded_room,
          gammafunk_ghost_hive, uniq_ijyb
D:6:      layout_gridville, lemuel_round_altar, serial_shops, shop,
          uniq_crazy_yiuf_cottage

Skill      XL: |  1  2  3  4  5  6  7  8  9 |
---------------+----------------------------+-----
Fighting       | 3 4 5 6 |  6.8
Dodging        | 3 |  3.0
Throwing       | 1 2 3 4 5 6 |  6.6
Unarmed Combat | 4 5 6 7 8 |  8.3

Action                   |  1- 3 |  4- 6 |  7- 9 || total
-------------------------+-------+-------+-------++-------
Melee: Unarmed           |    57 |    80 |   274 ||   411
       Punch             |       |     1 |     8 ||     9
Throw: Stone             |       |     1 |       ||     1
       Boomerang         |       |       |     5 ||     5
       Large rock        |       |       |     2 ||     2
Invok: Trog's Hand       |       |     3 |     5 ||     8
       Berserk           |       |       |     2 ||     2
  Use: Scroll            |       |     2 |     4 ||     6
       Potion            |       |       |     1 ||     1
 Stab: Sleeping          |     1 |       |     1 ||     2
Armor: Animal skin       |    14 |    42 |   121 ||   177
Dodge: Dodged            |    27 |    60 |   201 ||   288

Table legend: (Time is in decaauts)
 A = Elapsed time spent in this place.
 B = Non-inter-level travel time spent in this place.
 C = Inter-level travel time spent in this place.
 D = Time resting spent in this place.
 E = Time spent auto-exploring this place.
 F = Levels seen in this place.
 G = Mean time per level.
                   A        B        C        D        E       F      G
               +--------+--------+--------+--------+--------+-----+--------+
         Total |   5780 |   5593 |    187 |    664 |   3561 |   6 |  963.3 |
       Dungeon |   5780 |   5593 |    187 |    664 |   3561 |   6 |  963.3 |
               +--------+--------+--------+--------+--------+-----+--------+

Top non-repeatable levels by time:
     D:5: 1523 daAuts
     D:6: 1091 daAuts
     D:3: 1056 daAuts
     D:2: 831 daAuts
     D:4: 830 daAuts
     D:1: 447 daAuts
